 Dungeon Crawl Stone Soup version 0.26.1-2-gb8aa6d0cf2 (webtiles) character file.

Game seed: 16064239580105593397

10215 hawla the Destroyer (level 11, -7/57 HPs)
             Began as a Deep Elf Conjurer on Feb 22, 2021.
             Was a Priest of Vehumet.
             Shot with a bolt by a yaktaur (17 damage)
             ... on level 11 of the Dungeon on Feb 23, 2021.
             The game lasted 00:36:03 (15362 turns).

hawla the Destroyer (Deep Elf Conjurer)            Turns: 15362, Time: 00:36:03

Health: -7/57      AC: 15    Str:  4    XL:     11   Next: 33%
Magic:  15/26      EV: 17    Int: 27    God:    Vehumet [***...]
Gold:   622        SH:  7    Dex: 13    Spells: 12/28 levels left

rFire    . . .     SeeInvis .   t - +0 whip (elec)
rCold    . . .     Faith    .   D - +0 kite shield {reflect}
rNeg     . . .     Spirit   .   a - +1 robe
rPois    .         Reflect  +   b - +2 helmet
rElec    .         Harm     .   m - +2 cloak
rCorr    .         Rampage  .   y - +1 pair of gloves
Will     +....                  (no boots)
Stlth    +++.......             (no amulet)
HPRegen  0.19/turn              K - +4 ring of protection
MPRegen  0.20/turn              n - +4 ring of evasion

@: no status effects
A: no striking features
a: Renounce Religion


You were on level 11 of the Dungeon.
You worshipped Vehumet.
Vehumet was most pleased with you.
You visited 2 branches of the dungeon, and saw 12 of its levels.

You collected 622 gold pieces.

Inventory:

Hand Weapons
 l - a +3 quarterstaff of chaos
 t - a +0 whip of electrocution (weapon)
Missiles
 f - 8 boomerangs
 i - 5 javelins
 u - 8 atropa-tipped darts
 v - 3 throwing nets
Armour
 a - a +1 robe (worn)
 b - a +2 helmet (worn)
 m - a +2 cloak (worn)
 y - a +1 pair of gloves (worn)
 D - a +0 kite shield of reflection (worn)
 I - a cursed +0 buckler
Jewellery
 e - an uncursed ring of protection from fire
 n - a +4 ring of evasion (right hand)
 q - an uncursed ring of ice
 G - an uncursed ring of fire {unknown}
 K - a +4 ring of protection (left hand)
Wands
 d - a wand of polymorph (13)
 g - a wand of enslavement (9)
 p - a wand of random effects (12)
 w - a wand of iceblast (7)
 H - a wand of flame (43)
Scrolls
 c - 8 scrolls of remove curse
 o - 2 scrolls of amnesia
 s - 8 scrolls of teleportation
 E - a scroll of magic mapping {unknown}
 F - 2 scrolls of blinking {unknown}
 L - a scroll of identify
Potions
 h - 3 potions of brilliance
 j - 2 potions of flight
 k - a potion of cancellation
 r - a potion of magic
 x - 2 potions of ambrosia
 z - a potion of curing
 A - a potion of lignification {unknown}
 B - 2 potions of haste {unknown}
 C - a potion of berserk rage {unknown}
 J - a potion of might {unknown}


   Skills:
 - Level 2.0 Fighting
 + Level 8.3 Staves
 - Level 1.0 Throwing
 - Level 6.0 Dodging
 - Level 5.0 Stealth
 - Level 3.0 Shields
 - Level 9.0 Spellcasting
 - Level 10.0 Conjurations
 - Level 2.0 Necromancy
 - Level 4.0 Translocations
 + Level 8.5 Fire Magic
 - Level 2.0 Earth Magic
 - Level 2.0 Evocations


You had 12 spell levels left.
You knew the following spells:

 Your Spells              Type           Power        Failure   Level
a - Magic Dart            Conj           100%         1%          1
b - Searing Ray           Conj           100%         1%          2
c - Iskenderun's Mystic   Conj/Tloc      49%          3%          4
d - Borgnjor's Vile Clut  Necr/Erth      11%          95%         5
e - Sticky Flame          Conj/Fire      58%          1%          4

Your spell library contained the following spells:

 Spells                   Type           Power        Failure   Level
 Foxfire                  Conj/Fire      100%         1%          1
 Dazzling Flash           Conj/Hex       78%          2%          3
 Inner Flame              Hex/Fire       35%          3%          3
 Fulminant Prism          Conj/Hex       19%          8%          4
 Corona                   Hex            13%          22%         1
 Portal Projectile        Hex/Tloc       44%          28%         3
 Ensorcelled Hibernation  Hex/Ice        24%          32%         2
 Slow                     Hex            12%          32%         2
 Confusing Touch          Hex            12%          54%         3
 Tukima's Dance           Hex            12%          54%         3
 Animate Dead             Necr           11%          67%         4
 Leda's Liquefaction      Hex/Erth       8%           82%         4
 Cause Fear               Hex            6%           91%         4
 Death Channel            Necr           11%          100%        6
 Simulacrum               Ice/Necr       8%           100%        6


Dungeon Overview and Level Annotations

Branches:
Dungeon (11/15)            Temple (1/1) D:6            Lair (0/6) D:10
    Orc (0/2) D:9

Altars:
Ashenzari
Cheibriados
Dithmenos
Elyvilon
Fedhas
Gozag
Hepliaklqana
Kikubaaqudgha
Makhleb
Nemelex Xobeh
Okawaru
Qazlal
Ru
Sif Muna
Trog
Uskayaw
Vehumet
Wu Jian
Xom
Yredelemnul
Zin
The Shining One

Annotations:
D:11 Erolcha


Message History

Really attack while wielding nothing?
Okay, then.
You hear the crackle of electricity.
t - a +0 whip of electrocution (weapon)
The yaktaur hits you but does no damage.
Your shield prevents you from hitting the yaktaur.
The yaktaur is lightly wounded.
You hit the yaktaur but do no damage.
The yaktaur is lightly wounded.
You block the yaktaur's attack.
Casting: Iskenderun's Mystic Blast (dangerous; 3% risk of failure)
Confirm with . or Enter, or press ? or * to list all spells.
You erupt in a blast of force!
The mystic blast hits the yaktaur!
The yaktaur is moderately wounded.
The yaktaur is knocked back by the mystic blast.
The yaktaur wields a +0 arbalest.
The yaktaur shoots a bolt.
The bolt hits you!
* * * LOW HITPOINT WARNING * * *
You feel better.
The yaktaur shoots a bolt.
The bolt hits you!
You die...

#.......... #..........
#.....#'### #.....'...#
.......#...#
##################...#
#....(c..............#
###....................#
.....<.@..............##
........(.............#.
........((............#)
.........((.........>.#.
##############........#.
#........#. +........#.
#......###. ....
#......#...


You could see a yaktaur.

Vanquished Creatures
  Harold (D:11)
  A centaur warrior (D:11)
  An unseen horror (D:10)
  Pikel (D:5)
  An ugly thing (D:11)
  A centaur skeleton (D:10)
  A gargoyle (D:9)
  A komodo dragon (D:10)
  Sigmund (D:5)
  6 yaks
  Edmund (D:5)
  A water moccasin (D:10)
  3 orc warriors
  2 sky beasts
  6 ice beasts
  A necrophage (D:9)
  2 phantoms (D:10)
  A black bear (D:7)
  5 ogres
  6 centaurs
  A lemure (D:5)
  A big kobold (D:9)
  8 bullfrogs
  2 scorpions
  7 killer bees (D:10)
  14 wights
  2 electric eels (D:10)
  A crimson imp (D:9)
  2 bullfrog zombies
  A quasit (D:9)
  2 hounds
  2 jellies
  Crazy Yiuf (D:2)
  6 orc priests
  11 orc wizards
  A bullfrog skeleton (D:8)
  5 iguanas
  Natasha (thrice) (D:3)
  9 worker ants
  A worker ant zombie (D:7)
  3 gnolls (D:6)
  10 adders
  A shadow imp (D:9)
  4 white imps
  4 ufetubi
  An ooze (D:2)
  An adder skeleton (D:5)
  A worm (D:2)
  3 dart slugs
  4 leopard geckos
  43 orcs
  3 ball pythons
  8 bats
  3 giant cockroaches
  8 hobgoblins
  14 jackals
  14 kobolds
  6 quokkas
  3 frilled lizards
  15 goblins
  A leopard gecko skeleton (D:5)
  8 rats
281 creatures vanquished.

Vanquished Creatures (others)
  3 foxfires (D:8)
  16 plants
19 creatures vanquished.

Grand Total: 300 creatures vanquished

Notes
Turn   | Place    | Note
-------+----------+-------------------------------------------
     0 | D:1      | hawla the Deep Elf Conjurer began the quest for the Orb.
     0 | D:1      | Reached XP level 1. HP: 10/10 MP: 6/6
   241 | D:1      | Reached XP level 2. HP: 15/15 MP: 1/8
   247 | D:1      | Learned a level 2 spell: Searing Ray
   540 | D:1      | Reached skill level 1 in Evocations
   860 | D:1      | Reached XP level 3. HP: 20/20 MP: 6/9
   902 | D:1      | Reached skill level 1 in Translocations
  1626 | D:2      | Reached skill level 1 in Fire Magic
  1909 | D:2      | Reached XP level 4. HP: 21/24 MP: 6/11
  1914 | D:2      | Learned a level 4 spell: Iskenderun's Mystic Blast
  2069 | D:2      | Found a shimmering altar of Xom.
  2069 | D:2      | Found a shimmering altar of Xom.
  2081 | D:2      | Reached skill level 1 in Fighting
  2285 | D:2      | Found a shimmering altar of Xom.
  2398 | D:2      | Found a faded altar of an unknown god.
  2963 | D:2      | Found a runed translucent door.
  2964 | D:2      | Noticed Crazy Yiuf
  3204 | D:2      | Killed Crazy Yiuf
  3205 | D:2      | Reached XP level 5. HP: 27/29 MP: 6/12
  3287 | D:3      | Noticed Natasha
  3317 | D:3      | Killed Natasha
  3318 | D:3      | Reached skill level 5 in Conjurations
  3326 | D:3      | Noticed Natasha
  3331 | D:3      | Killed Natasha
  3872 | D:3      | Noticed Natasha
  3877 | D:3      | Killed Natasha
  3878 | D:3      | Reached skill level 1 in Staves
  3944 | D:3      | Noticed an ogre
  3952 | D:3      | Killed an ogre
  3953 | D:3      | Reached XP level 6. HP: 34/34 MP: 0/14
  4056 | D:3      | Found a glowing golden altar of the Shining One.
  4057 | D:3      | Found a glowing silver altar of Zin.
  4062 | D:3      | Found a white marble altar of Elyvilon.
  4172 | D:3      | Found a blossoming altar of Fedhas.
  4271 | D:3      | Found a shimmering blue altar of Sif Muna.
  4582 | D:4      | Found a shadowy altar of Dithmenos.
  4779 | D:4      | Reached skill level 5 in Spellcasting
  5413 | D:5      | Entered Level 5 of the Dungeon
  5431 | D:5      | Reached XP level 7. HP: 30/38 MP: 15/17
  5547 | D:5      | Reached skill level 6 in Conjurations
  5840 | D:5      | Noticed Pikel
  5851 | D:5      | Killed Pikel
  5852 | D:5      | Reached skill level 1 in Throwing
  5852 | D:5      | Reached XP level 8. HP: 40/43 MP: 5/19
  6186 | D:5      | Found an iron altar of Okawaru.
  6252 | D:5      | Found a bloodstained altar of Trog.
  6477 | D:5      | Noticed Edmund
  6487 | D:5      | Killed Edmund
  6572 | D:5      | Noticed Sigmund
  6581 | D:5      | Killed Sigmund
  7183 | D:6      | Reached skill level 5 in Dodging
  7428 | D:6      | Found a staircase to the Ecumenical Temple.
  7456 | Temple   | Entered the Ecumenical Temple
  7873 | Temple   | Became a worshipper of Vehumet
  8021 | D:6      | Reached XP level 9. HP: 48/48 MP: 10/21
  8108 | D:6      | Reached skill level 7 in Conjurations
  8894 | D:6      | Reached skill level 5 in Fire Magic
  9341 | D:7      | Reached skill level 5 in Staves
  9508 | D:7      | You fall into a shaft and drop 3 floors!
  9508 | D:10     | Entered Level 10 of the Dungeon
  9671 | D:10     | Found a staircase to the Lair.
  9672 | D:10     | Noticed a komodo dragon
  9725 | D:10     | Found a shadowy altar of Dithmenos.
  9914 | D:10     | Reached * piety under Vehumet
  9914 | D:10     | Offered knowledge of Foxfire by Vehumet.
  9921 | D:10     | Reached skill level 8 in Conjurations
 10206 | D:10     | Learned a level 1 spell: Foxfire
 10437 | D:8      | Reached XP level 10. HP: 53/53 MP: 19/25
 10494 | D:7      | Reached skill level 9 in Conjurations
 10985 | D:7      | Reached ** piety under Vehumet
 11007 | D:7      | Offered knowledge of Shock by Vehumet.
 11846 | D:8      | Found a bloodstained altar of Trog.
 12170 | D:8      | Reached skill level 5 in Stealth
 12170 | D:8      | Offered knowledge of Frozen Ramparts by Vehumet.
 12629 | D:9      | Found a staircase to the Orcish Mines.
 12840 | D:9      | Found a burning altar of Makhleb.
 12846 | D:9      | Reached skill level 1 in Shields
 13016 | D:9      | Reached *** piety under Vehumet
 13330 | D:9      | Noticed a gargoyle
 13335 | D:9      | Killed a gargoyle
 13629 | D:9      | Found an opulent altar of Gozag.
 13966 | D:10     | Offered knowledge of Sticky Flame by Vehumet.
 13972 | D:10     | Learned a level 4 spell: Sticky Flame
 14245 | D:10     | Noticed an unseen horror
 14249 | D:10     | Killed an unseen horror
 14250 | D:10     | Reached skill level 10 in Conjurations
 14441 | D:10     | Learned a level 5 spell: Borgnjor's Vile Clutch
 14575 | D:10     | Reached XP level 11. HP: 57/57 MP: 18/26
 14654 | D:10     | Reached skill level 1 in Necromancy
 14741 | D:11     | Noticed a centaur warrior
 14752 | D:11     | Killed a centaur warrior
 14753 | D:11     | Reached skill level 1 in Earth Magic
 15042 | D:11     | Noticed Harold
 15078 | D:11     | Killed Harold
 15198 | D:11     | Noticed a purple ugly thing
 15205 | D:11     | Killed a purple ugly thing
 15336 | D:11     | Noticed Erolcha
 15344 | D:11     | Identified a scroll of acquirement
 15344 | D:11     | Acquired a +0 kite shield of reflection
 15360 | D:11     | HP: 1/57 [yaktaur/bolt (17)]
 15362 | D:11     | Shot with a bolt by a yaktaur

Illustrated notes

Levels and vault maps discovered:
D:1:      dpeg_arrival_subterranean_lakeside_camping, layout_basic,
          minmay_misc_feat_secret_circle, minmay_fountain_box,
          dk_noncrumbling_3, chequers_serial_rivers_large_a
D:2:      minmay_general_purpose_star, layout_basic, xom_redecorated,
          serial_forest, infiniplex_forest_straight_1, infiniplex_forest_join,
          infiniplex_forest_end_1, infiniplex_forest_clump_medium,
          infiniplex_forest_pool, infiniplex_forest_lined_2,
          infiniplex_forest_clump_small, infiniplex_forest_straight_3,
          infiniplex_forest_clump_diagonal, infiniplex_forest_end_2,
          chequers_ecumenical_altar_lobes, uniq_crazy_yiuf_cottage
D:3:      layout_rooms, good_gods_mini_temple, lemuel_blue_sif_altar,
          marbit_many_paths, uniq_natasha
D:4:      layout_loops_ring, lemuel_crystal_altar
D:5:      layout_cave_pods, okawaru_metal_pillars_1_2, basic_altar, uniq_edmund,
          uniq_sigmund, uniq_pikel
D:6:      layout_basic, minmay_temple_entry_antechambers, serial_glass,
          glass_columns_b, glass_columns_a, lemuel_another_geyser
D:7:      black_bear_nest_2, layout_loops_cross
D:8:      layout_cave_pods, basic_altar
D:9:      layout_basic, makhleb_grotto_becter, general_overflow_altar,
          orc_0_dummy
D:10:     layout_basic, david_lair_shrubbed, nicolae_dithmenos_the_darkroom
D:11:     layout_irregular_city, serial_shops, shop_statue,
          gammafunk_ghost_nasty_kobolds, uniq_josephine, uniq_erolcha,
          uniq_harold
Temple:   minmay_temple_forest_path

Skill      XL: |  1  2  3  4  5  6  7  8  9 10 11 |
---------------+----------------------------------+-----
Evocations     | 1 2 |  2.0
Translocations | 1 2 3 4 |  4.0
Stealth        | 3 4 5 |  5.0
Fire Magic     | 1 2 3 4 6 7 8 |  8.5
Fighting       | 1 2 |  2.0
Dodging        | 3 5 6 |  6.0
Spellcasting   | 4 5 6 7 9 |  9.0
Conjurations   | 5 6 8 10 | 10.0
Staves         | 1 2 3 4 6 7 8 |  8.3
Throwing       | 1 |  1.0
Shields        | 2 3 |  3.0
Necromancy     | 2 |  2.0
Earth Magic    | 2 |  2.0

Action                   |  1- 3 |  4- 6 |  7- 9 | 10-12 || total
-------------------------+-------+-------+-------+-------++-------
Melee: Dagger            |    32 |    10 |       |       ||    42
       Quarterstaff      |       |    15 |    16 |    19 ||    50
       Unarmed           |       |       |       |    15 ||    15
       Whip              |       |       |       |     2 ||     2
 Cast: Magic Dart        |    31 |    22 |    39 |    34 ||   126
       Searing Ray       |    20 |    44 |    63 |    68 ||   195
       Iskenderun's Myst |       |     5 |    25 |    35 ||    65
       Sticky Flame      |       |       |       |     5 ||     5
       Foxfire           |       |       |       |     2 ||     2
  Use: Scroll            |     5 |     6 |     6 |     7 ||    24
       Potion            |     1 |       |     4 |     3 ||     8
 Stab: Sleeping          |       |     1 |       |       ||     1
       Confused          |       |       |       |     1 ||     1
Armor: Robe              |    15 |    14 |    27 |    17 ||    73
Dodge: Dodged            |    29 |    36 |    58 |    87 ||   210
Block: Kite shield       |       |       |       |     2 ||     2
       Reflection        |       |       |       |     1 ||     1
